 Dungeon Crawl Stone Soup version 0.22-a0-533-g4d20840e7c (webtiles) character file.

33294 Niddhogr the Unseen (level 14, -26/106 HPs)
             Began as a Formicid Fighter on June 22, 2018.
             Was an Initiate of Gozag.
             Annihilated by Rupert
             ... wielding a +2 battleaxe of venom
              (40 damage)
             ... on level 6 of the Lair of Beasts.
             The game lasted 01:02:12 (22153 turns).

Niddhogr the Unseen (Formicid Fighter)             Turns: 22153, Time: 01:02:13

Health: -26/106    AC: 10    Str: 28    XL:     14   Next: 7%
Magic:  20/20      EV: 14    Int:  2    God:    Gozag
Gold:   363        SH: 12    Dex: 14    Spells: 11/13 levels left

rFire    + . .     SeeInvis +   D - +11 glaive of Gyoda {elec, rC++ Int-5 Stlth+}
rCold    + + +     Gourm    +   c - +0 shield
rNeg     . . .     Faith    .   h - +1 ring mail {rC+}
rPois    .         Spirit   .   (helmet unavailable)
rElec    .         Reflect  .   y - +0 cloak {+Inv}
rCorr    .         Harm     .   (no gloves)
MR       ++...                  e - +0 pair of boots
Stlth    ++++++....             a - amulet of the gourmand
HPRegen  0.27/turn              i - ring of protection from fire
MPRegen  0.17/turn              I - ring of protection from magic

@: mighty, lethally poisoned (-26 -> -110), gold aura, very slightly
contaminated, invisible
A: permanent stasis, dig shafts and tunnels, four strong arms, antennae 3
a: Dig, Shaft Self, Potion Petition, Call Merchant, Bribe Branch, Renounce
Religion


You were on level 6 of the Lair of Beasts.
You worshipped Gozag.
Gozag was aware of your devotion.
You were not hungry.

You visited 3 branches of the dungeon, and saw 19 of its levels.

You collected 3514 gold pieces.
You spent 1766 gold pieces at shops.
You paid 1385 gold pieces to Gozag.

Inventory:

Hand Weapons
 D - the +11 glaive of Gyoda (weapon) {elec, rC++ Int-5 Stlth+}
   (You bought it in a shop on level 1 of the Lair of Beasts)

   Occasionally, upon striking a foe, it will discharge some electrical energy
   and cause terrible harm.
   It affects your intelligence (-5).
   It greatly protects you from cold.
   It makes you more stealthy.
Missiles
 u - 2 throwing nets (quivered)
Armour
 c - a +0 shield (worn)
 e - a +0 pair of boots (worn)
 h - a +1 ring mail of cold resistance (worn)
 y - a +0 cloak of invisibility (worn)
Jewellery
 a - an amulet of the gourmand (around neck)
 i - a ring of protection from fire (left hand)
 I - a ring of protection from magic (right hand)
Wands
 w - a wand of acid (6)
 B - a wand of iceblast (10)
 E - a wand of digging (14)
 G - a wand of polymorph (16)
 J - a wand of flame (11)
Scrolls
 g - 14 scrolls of remove curse
 k - 2 scrolls of fear
 l - 2 scrolls of noise
 o - 2 scrolls of fog
 s - 3 scrolls of enchant weapon
 t - 4 scrolls of amnesia
 v - a scroll of identify
 A - 3 scrolls of magic mapping
 C - a scroll of silence
 M - a scroll of summoning
Potions
 d - 4 potions of invisibility
 p - 4 potions of agility
 q - 6 potions of brilliance
 r - 5 potions of might
 x - a potion of flight
 H - 4 potions of magic
Miscellaneous
 b - a sack of spiders
 n - a fan of gales
 F - a lightning rod (4/4)
Comestibles
 f - 24 rations


   Skills:
 + Level 8.7 Fighting
 - Level 12.4 Polearms
 - Level 8.0 Armour
 - Level 6.0 Dodging
 - Level 15.0 Stealth
 - Level 8.1 Shields
 + Level 3.1 Earth Magic
 - Level 8.2 Evocations


You had 11 spell levels left.
You knew the following spells:

 Your Spells              Type           Power        Failure   Level  Hunger
a - Passwall              Tmut/Erth      #.......     65%         2    ###....

Your spell library contained the following spells:

 Spells                   Type           Power        Failure   Level  Hunger
 Magic Dart               Conj           #...         73%         1    ##.....
 Fireball                 Conj/Fire      #.........   100%        5    ######.
 Conjure Flame            Conj/Fire      #.......     97%         3    ####...
 Slow                     Hex            #.......     86%         2    ###....
 Confuse                  Hex            #.......     97%         3    ####...
 Throw Flame              Conj/Fire      #.....       86%         2    ###....
 Mephitic Cloud           Conj/Pois/Air  #.......     97%         3    ####...
 Blink                    Tloc           N/A          86%         2    ###....
 Sticky Flame             Conj/Fire      #.......     100%        4    #####..
 Call Imp                 Summ           #.......     86%         2    ###....
 Stone Arrow              Conj/Erth      #.....       87%         3    ####...
 Confusing Touch          Hex            #.....       73%         1    ##.....
 Flame Tongue             Conj/Fire      #....        73%         1    ##.....
 Metabolic Englaciation   Hex/Ice        #.........   100%        5    ######.
 Lee's Rapid Deconstruct  Erth           #.........   100%        5    ######.
 Sandblast                Erth           #.....       30%         1    ##.....
 Petrify                  Tmut/Erth      #.......     99%         4    #####..
 Inner Flame              Hex/Fire       #.......     97%         3    ####...
 Gell's Gravitas          Tloc           #.........   97%         3    ####...
 Yara's Violent Unravell  Hex/Tmut       #.........   100%        5    ######.


Dungeon Overview and Level Annotations

Branches:
Dungeon (12/15)            Temple (1/1) D:5            Lair (6/6) D:9
 Shoals (0/4) Lair:4       Spider (0/4) Lair:2          Orc (0/2) D:12
  Slime: Lair:5-6

Altars:
Cheibriados
Dithmenos
Elyvilon
Fedhas
Gozag
Hepliaklqana
Kikubaaqudgha
Makhleb
Nemelex Xobeh
Okawaru
Qazlal
Ru
Sif Muna
Trog
Uskayaw
Vehumet
Wu Jian
Xom
Yredelemnul
Zin
The Shining One

Shops:
D:2 *   D:4 ?   D:5 ?   D:6 [   D:10 [   D:12 :   Lair:1 (

Annotations:
D:9 1 exclusion
D:12 Kirke
Lair:5 exclusion: 2 oklob plants
Lair:6 Rupert


Innate Abilities, Weirdness & Mutations

You cannot be hasted, slowed, berserked, paralysed or teleported.
You can dig through walls and to a lower floor.
Your four strong arms can wield two-handed weapons with a shield.
You have a pair of large antennae on your head. (SInv)


Message History

You feel much better.
* * * LOW HITPOINT WARNING * * *
You feel very sick. You block the spiny frog's attack.
Rupert hits you but does no damage.
You are more poisoned.
The spiny frog misses you. The spiny frog barely misses you.
The crocodile is distracted by the nearby gold.
The spiny frog stings you.
* * * LOW HITPOINT WARNING * * *
You are more poisoned.
The spiny frog poisons you!
Unknown command.
Unknown command.
You closely miss Rupert.
Rupert is almost dead.
* * * LOW HITPOINT WARNING * * *
You feel extremely sick.
Rupert hits you with a battleaxe of venom!!!
You die...
Your body crumbles into a pile of gold.

...........(........
..............F.....
.......<$...........
$
............JF....{.
...........FSJFt..{.
............FJFF...
............JFY####P.
.........F.#@###.y...
.........###@FFF.P≈≈≈
$
........≈≈P≈FFF≈≈≈≈≈≈
.........P≈≈FF≈≈≈≈≈≈
...≈..≈≈≈≈P≈≈≈≈≈≈
....≈≈≈PP≈≈≈≈≈≈≈#
.t≈.≈≈≈≈Pt≈P≈###
..P≈≈≈≈≈≈≈≈≈≈≈≈
...≈P≈≈≈≈P≈≈≈≈≈


You could see Rupert (berserk), 2 slime creatures, a black mamba, 7 spiny frogs,
6 blink frogs, 3 crocodiles, a vampire mosquito (wandering), 2 bullfrogs and 2
jellies.

Vanquished Creatures
  A ghost moth (Lair:5)
  Erolcha (D:11)
  3 hydras
  3 two-headed ogres
  2 unseen horrors
  A fire crab (Lair:2)
  An ugly thing (D:11)
  A manticore (D:12)
  An elephant (Lair:4)
  2 black mambas (Lair:4)
  8 spiny frogs
  A torpor snail (Lair:5)
  A rime drake (Lair:6)
  4 komodo dragons
  3 trolls
  A polar bear (Lair:4)
  A queen bee (D:9)
  A hornet (D:12)
  A snapping turtle (Lair:4)
  18 blink frogs
  7 hippogriffs
  2 dream sheep (D:9)
  A spriggan (Lair:4)
  A shadow (D:11)
  2 wyverns
  19 yaks
  A fire bat (Lair:5)
  3 hogs (D:11)
  2 fire elementals (Lair:5)
  Menkaure (D:7)
  3 hungry ghosts
  A steam dragon (D:12)
  2 basilisks
  5 water moccasins
  2 hell hounds (Lair:5)
  5 orc warriors
  2 ice beasts
  5 porcupines
  A sky beast (D:10)
  A hornet zombie (D:6)
  A phantom (D:4)
  A black bear (Lair:4)
  2 ogres
  7 wolves (Lair:4)
  4 centaurs
  5 crocodiles
  2 big kobolds (D:9)
  9 bullfrogs
  5 scorpions
  19 killer bees
  8 howler monkeys
  5 electric eels
  9 crimson imps
  A bullfrog zombie (D:12)
  3 centaur zombies
  4 orc priests
  A jelly (D:6)
  2 centaur skeletons
  4 hounds
  19 orc wizards
  4 worker ants
  6 iguanas
  2 hell rats (Lair:2)
  A hound zombie (D:8)
  2 worker ant zombies
  10 gnolls
  4 river rats (Lair:2)
  16 adders
  2 shadow imps
  A white imp (D:10)
  2 adder skeletons (D:4)
  7 worms
  A dart slug (D:4)
  3 leopard geckos
  41 orcs
  5 giant cockroaches
  5 goblins
  7 hobgoblins
  6 jackals
  13 kobolds
  5 quokkas
  6 ball pythons
  8 bats
  6 frilled lizards
  A leopard gecko skeleton (D:8)
  2 quokka skeletons (D:5)
  3 quokka zombies
  10 rats
411 creatures vanquished.

Vanquished Creatures (collateral kills)
  A two-headed ogre (D:10)
1 creature vanquished.

Vanquished Creatures (others)
  A fungus (Lair:5)
  12 plants
13 creatures vanquished.

Grand Total: 425 creatures vanquished

Notes
Turn   | Place    | Note
-------+----------+-------------------------------------------
     0 | D:1      | Niddhogr the Formicid Fighter began the quest for the Orb.
     0 | D:1      | Reached XP level 1. HP: 18/18 MP: 1/1
    88 | D:1      | Reached skill level 1 in Stealth
   145 | D:1      | Reached XP level 2. HP: 24/24 MP: 2/2
   400 | D:1      | Reached skill level 2 in Stealth
   741 | D:2      | Reached XP level 3. HP: 29/29 MP: 3/3
   814 | D:2      | Found Zin's Purification Station.
   817 | D:2      | Found a glowing silver altar of Zin.
   928 | D:2      | Reached skill level 3 in Stealth
   928 | D:2      | Reached XP level 4. HP: 11/35 MP: 4/4
  1295 | D:2      | Reached XP level 5. HP: 28/41 MP: 5/5
  1332 | D:2      | Reached skill level 4 in Stealth
  1733 | D:3      | Reached XP level 6. HP: 31/47 MP: 6/6
  1793 | D:3      | Reached skill level 5 in Stealth
  1953 | D:3      | HP: 2/47 [gnoll/halberd (8)]
  2351 | D:3      | Found an ornate altar of the Wu Jian Council.
  2773 | D:4      | Noticed a phantom
  2825 | D:4      | Killed a phantom
  2825 | D:4      | Reached skill level 5 in Polearms
  2825 | D:4      | Reached skill level 6 in Stealth
  2825 | D:4      | Reached XP level 7. HP: 46/52 MP: 7/7
  2959 | D:4      | Found Urruydich's Magic Scroll Shoppe.
  3084 | D:5      | Entered Level 5 of the Dungeon
  3244 | D:5      | Reached skill level 7 in Stealth
  3309 | D:5      | Reached XP level 8. HP: 13/58 MP: 8/8
  3576 | D:5      | Found a white marble altar of Elyvilon.
  3629 | D:5      | Found Koluosuq's Magic Scroll Shoppe.
  3662 | D:5      | Bought a scroll of identify for 24 gold pieces
  3672 | D:5      | Bought a scroll of identify for 24 gold pieces
  3672 | D:5      | Bought a scroll of identify for 24 gold pieces
  3672 | D:5      | Bought a scroll of identify for 24 gold pieces
  3712 | D:5      | Found a hazy altar of Hepliaklqana.
  3778 | D:5      | Found a staircase to the Ecumenical Temple.
  3790 | Temple   | Entered the Ecumenical Temple
  3818 | Temple   | Became a worshipper of Gozag Ym Sagoz the Greedy
  4118 | D:6      | Found a bloodstained altar of Trog.
  4129 | D:6      | Reached skill level 8 in Stealth
  4841 | D:6      | Reached skill level 9 in Stealth
  4878 | D:6      | Found a sacrificial altar of Ru.
  5242 | D:6      | Found Esueg's Armour Emporium.
  5828 | D:7      | Noticed a hippogriff
  5845 | D:7      | Reached XP level 9. HP: 55/64 MP: 9/9
  5865 | D:7      | Killed a hippogriff
  5865 | D:7      | Reached skill level 10 in Stealth
  5932 | D:7      | Reached skill level 1 in Dodging
  6297 | D:7      | Noticed Menkaure
  6556 | D:7      | Killed Menkaure
  6556 | D:7      | Reached skill level 5 in Fighting
  6816 | D:7      | Found a deep blue altar of Sif Muna.
  6816 | D:7      | Found a burning altar of Makhleb.
  7209 | D:8      | Found Vonimp's Food Boutique.
  7252 | D:8      | Reached XP level 10. HP: 57/76 MP: 10/10
  7464 | D:8      | Found a shadowy altar of Dithmenos.
  7465 | D:8      | Found a basalt altar of Yredelemnul.
  8036 | D:8      | Bought a ration for 70 gold pieces
  8036 | D:8      | Bought a ration for 70 gold pieces
  8036 | D:8      | Bought a ration for 70 gold pieces
  8036 | D:8      | Bought a ration for 70 gold pieces
  8036 | D:8      | Bought a ration for 70 gold pieces
  8083 | D:9      | Reached skill level 5 in Dodging
  8090 | D:9      | Found a staircase to the Lair.
  8358 | D:9      | Noticed a three-headed hydra
  8856 | D:10     | Entered Level 10 of the Dungeon
  8917 | D:10     | Noticed an unseen horror
  8977 | D:10     | Killed an unseen horror
  8977 | D:10     | Reached skill level 5 in Shields
  9330 | D:10     | Noticed a two-headed ogre
  9356 | D:10     | Reached skill level 5 in Armour
  9473 | D:10     | Killed a two-headed ogre
  9473 | D:10     | Reached XP level 11. HP: 22/86 MP: 10/13
  9824 | D:10     | Noticed a two-headed ogre
  9853 | D:10     | Killed a two-headed ogre
  9853 | D:10     | Reached skill level 5 in Evocations
 10817 | D:11     | Noticed a cyan ugly thing
 10977 | D:11     | Noticed Erolcha
 10987 | D:11     | Noticed a two-headed ogre
 11174 | D:11     | Killed a two-headed ogre
 11237 | D:11     | Found a blossoming altar of Fedhas.
 11962 | D:11     | Killed a green ugly thing
 11991 | D:11     | Killed Erolcha
 12150 | D:12     | Found Fosoad's Book Shop.
 12154 | D:12     | Noticed an unseen horror
 12190 | D:12     | Killed an unseen horror
 12268 | D:12     | Noticed a two-headed ogre
 12281 | D:12     | Killed a two-headed ogre
 12281 | D:12     | Reached XP level 12. HP: 29/92 MP: 18/18
 12693 | D:12     | Noticed Kirke
 13885 | D:12     | Found a staircase to the Orcish Mines.
 14024 | Lair:1   | Entered Level 1 of the Lair of Beasts
 14160 | Lair:1   | Reached skill level 11 in Stealth
 15970 | Lair:2   | Noticed a fire crab
 15979 | Lair:2   | Killed a fire crab
 15979 | Lair:2   | Reached skill level 10 in Polearms
 16186 | Lair:2   | Found a hole to the Spider Nest.
 16681 | Lair:3   | Reached skill level 12 in Stealth
 17183 | Lair:3   | Reached XP level 13. HP: 90/98 MP: 19/19
 17316 | Lair:3   | Learned a level 2 spell: Passwall
 17839 | Lair:4   | Reached skill level 13 in Stealth
 18642 | Lair:4   | Noticed a six-headed hydra
 18649 | Lair:4   | Killed a six-headed hydra
 18663 | Lair:4   | Noticed a seven-headed hydra
 18675 | Lair:4   | Killed a seven-headed hydra
 18895 | Lair:4   | Found a staircase to the Shoals.
 18922 | Lair:4   | Reached skill level 14 in Stealth
 19241 | Lair:4   | Got a steaming spear
 19242 | Lair:4   | Identified the cursed +0 spear "Nueck" {drain, MR++} (You found it on level 4 of the Lair of Beasts)
 20216 | Lair:5   | Found a transporter.
 20271 | Lair:5   | Found a transporter.
 20304 | Lair:5   | Noticed a seven-headed hydra
 20318 | Lair:5   | Killed a seven-headed hydra
 20665 | Lair:5   | Found a runed door.
 20767 | Lair:1   | Bought the +11 glaive of Gyoda {elec, rC++ Int-5 Stlth+} for 1320 gold pieces
 21048 | Lair:5   | Reached skill level 15 in Stealth
 21363 | Lair:5   | Noticed a seven-headed hydra
 21368 | Lair:5   | Noticed a ghost moth
 21368 | Lair:5   | a seven-headed hydra changed into a ghost moth
 21374 | Lair:5   | Killed a ghost moth
 21374 | Lair:5   | Reached XP level 14. HP: 84/106 MP: 2/20
 22036 | Lair:5   | Got a wavering lapis lazuli ring
 22038 | Lair:5   | Identified the ring "Piclivonue" {Str+3 Stlth-} (You found it on level 5 of the Lair of Beasts)
 22114 | Lair:6   | Entered Level 6 of the Lair of Beasts
 22114 | Lair:6   | Noticed Rupert
 22153 | Lair:6   | Annihilated by Rupert

Vault maps used:
D:1:      minmay_arrival_checkered_box
D:2:      zin_purify, first_ration, minmay_snake_closets
D:3:      nicolae_overflow_hidden_temple
D:4:      serial_shops, shop
D:5:      elyvilon_altar_4, lemuel_coloured_pillars_altar,
          minmay_temple_entry_purple_smoke, serial_shops, nicolae_shop_stone,
          kennysheep_diamond, corner_web_ring
D:6:      lemuel_crystal_altar, nicolae_ru_great_annihilating_truth,
          serial_shops, shop, hangedman_decor_peaks_small
D:7:      gammafunk_temple_overflow_statue, uniq_menkaure
D:8:      gammafunk_temple_overflow_pools, serial_shops, nicolae_shop_stone
D:9:      lair_entry_dummy, hangedman_ranch, hive_lemuel
D:10:     serial_corexii_hall, corexii_hall_statues_t, corexii_hall_statues_s,
          minmay_nine_imps
D:11:     statue_in_the_mist_lemuel, fedhas_altar_1, uniq_erolcha
D:12:     orc_0_dummy, serial_shops, shop, st_stairs_7, uniq_kirke
Temple:   minmay_temple_bridge_abc
Lair:2:   dummy_spider_entry, kennysheep_abandoned_house
Lair:3:   lemuel_fruit_tree
Lair:4:   minmay_shoals_entry_hut, st_stairs_9, forest_entry_grove
Lair:5:   gammafunk_cloud_chamber, minmay_holes, st_stairs_6, pf_torpor_hydra,
          lemuel_fruit_fields, minmay_lair_oklob_chamber
Lair:6:   minmay_lair_end_frog_pond, minmay_slime_entry_pillars, uniq_josephine,
          uniq_rupert

Skill      XL: |  1  2  3  4  5  6  7  8  9 10 11 12 13 14 |
---------------+-------------------------------------------+-----
Stealth        | 1 2 3 4 6 7 9 10 12 15 | 15.0
Polearms       | 3 4 5 6 7 8 10 12 | 12.4
Dodging        | 4 6 |  6.0
Fighting       | 6 8 |  8.7
Shields        | 5 8 |  8.1
Armour         | 5 7 8 |  8.0
Evocations     | 3 8 |  8.2
Earth Magic    | 2 3 |  3.1

Action                   |  1- 3 |  4- 6 |  7- 9 | 10-12 | 13-15 || total
-------------------------+-------+-------+-------+-------+-------++-------
Melee: Trident           |   110 |   194 |   105 |       |       ||   409
       Spear             |       |       |   379 |  1132 |   681 ||  2192
       Glaive            |       |       |       |       |    46 ||    46
Throw: Tomahawk          |       |       |     6 |     5 |       ||    11
       Throwing net      |       |       |     2 |       |       ||     2
Invok: Call Merchant     |       |       |       |     2 |       ||     2
 Abil: Dig               |       |       |       |     2 |     3 ||     5
Evoke: Wand              |       |       |     3 |    47 |    14 ||    64
       Lightning rod     |       |       |       |     8 |     2 ||    10
       Sack of spiders   |       |       |       |     1 |       ||     1
  Use: Potion            |     2 |       |     1 |     1 |    15 ||    19
       Scroll            |       |       |    15 |     2 |     6 ||    23
 Stab: Sleeping          |       |     5 |     9 |    14 |     9 ||    37
       Paralysed         |       |       |     1 |     4 |       ||     5
       Distracted        |       |       |     1 |     4 |     3 ||     8
       Petrified         |       |       |       |       |     2 ||     2
  Eat: Chunk             |       |     6 |     3 |       |       ||     9
       Ration            |       |       |     4 |    10 |     5 ||    19
Armor: Scale mail        |    45 |    65 |    94 |   164 |    47 ||   415
       Ring mail         |       |       |       |       |    58 ||    58
Dodge: Dodged            |    20 |    42 |    66 |   317 |   200 ||   645
Block: Shield            |    53 |    74 |   168 |   391 |   257 ||   943

Table legend:
 A = Spawn XP
 B = Non-spawn XP
 C = Spawn XP percentage of total XP
 D = Spawn monster count
 E = Non-spawn monster count
 F = Spawn count percentage of total count
 G = Total turns spent on level
                    A         B        C        D         E        F      G
               +---------+---------+-------+---------+---------+-------+---------
         Total |       0 |   47564 |   0.0 |       0 |     412 |   0.0 | 22153
               +---------+---------+-------+---------+---------+-------+---------
           D:1 |       0 |      28 |   0.0 |       0 |      17 |   0.0 |   737
           D:2 |       0 |     184 |   0.0 |       0 |      27 |   0.0 |   870
           D:3 |       0 |     161 |   0.0 |       0 |      29 |   0.0 |   870
           D:4 |       0 |     258 |   0.0 |       0 |       9 |   0.0 |   607
           D:5 |       0 |     425 |   0.0 |       0 |      25 |   0.0 |   955
           D:6 |       0 |     775 |   0.0 |       0 |      25 |   0.0 |  1790
           D:7 |       0 |    1682 |   0.0 |       0 |      34 |   0.0 |  1148
           D:8 |       0 |     874 |   0.0 |       0 |      27 |   0.0 |  1003
           D:9 |       0 |    2419 |   0.0 |       0 |      30 |   0.0 |  1031
          D:10 |       0 |    4543 |   0.0 |       0 |      30 |   0.0 |  2138
          D:11 |       0 |    4031 |   0.0 |       0 |      16 |   0.0 |  1212
          D:12 |       0 |    5094 |   0.0 |       0 |      29 |   0.0 |  1833
        Temple |       0 |      96 |   0.0 |       0 |       2 |   0.0 |    65
        Lair:1 |       0 |    2499 |   0.0 |       0 |      12 |   0.0 |  1074
        Lair:2 |       0 |    2443 |   0.0 |       0 |      17 |   0.0 |  1676
        Lair:3 |       0 |    3229 |   0.0 |       0 |      14 |   0.0 |  1575
        Lair:4 |       0 |    9626 |   0.0 |       0 |      39 |   0.0 |  1838
        Lair:5 |       0 |    8839 |   0.0 |       0 |      29 |   0.0 |  1692
        Lair:6 |       0 |     358 |   0.0 |       0 |       1 |   0.0 |    39
               +---------+---------+-------+---------+---------+-------+---------
